 Dungeon Crawl Stone Soup version 0.28-a0-631-g0446da8ef9 (webtiles) character file.

Game seed: 8655203997445539428

1573 HoaS the Cruncher (level 8, -2/44 HPs)
             Began as a Gargoyle Gladiator on Oct 9, 2021.
             Was a Follower of Okawaru.
             Slain by an orc warrior (9 damage)
             ... on level 4 of the Dungeon.
             The game lasted 00:15:51 (6664 turns).

HoaS the Cruncher (Gargoyle Gladiator)              Turns: 6664, Time: 00:15:51

Health: -2/44      AC: 20    Str: 19    XL:     8   Next: 90%
Magic:  10/10      EV:  7    Int: 10    God:    Okawaru [*.....]
Gold:   251        SH:  0    Dex: 11    Spells: 7/7 levels left

rFire   + . .      SeeInvis .   a - +0 quarterstaff
rCold   . . .      Faith    .   (shield currently unavailable)
rNeg    + . .      Spirit   .   v - +0 chain mail
rPois   ∞          Reflect  .   c - +1 helmet
rElec   +          Harm     .   q - +2 cloak
rCorr   .          Rampage  .   p - +1 pair of gloves
Will    .....                   (no boots)
Stlth   ..........              (no amulet)
HPRegen 0.14/turn               d - ring of protection from fire
MPRegen 0.12/turn               (no ring)

@: no status effects
A: sickness immunity, AC +5, negative energy resistance 1, electricity
resistance, torment resistance 1, petrification resistance
a: Renounce Religion, Heroism


You were on level 4 of the Dungeon.
You worshipped Okawaru.
Okawaru was aware of your devotion.
You visited 2 branches of the dungeon, and saw 6 of its levels.

You collected 251 gold pieces.

Inventory:

Hand Weapons
 a - a +0 quarterstaff (weapon)
 r - a +0 arbalest of flaming
Missiles
 f - 24 bolts
 g - 66 arrows
 m - 29 poisoned darts (quivered)
Armour
 c - a +1 helmet (worn)
 p - a +1 pair of gloves (worn)
 q - a +2 cloak (worn)
 v - a +0 chain mail (worn)
Jewellery
 d - a ring of protection from fire (left hand)
Wands
 t - a wand of paralysis (1)
Scrolls
 i - 2 scrolls of teleportation
Potions
 b - a potion of resistance {unknown}
 e - 2 potions of heal wounds {unknown}
 h - a potion of might {unknown}
 j - a potion of curing
 l - 2 potions of berserk rage {unknown}
 n - a potion of haste {unknown}
 o - 2 potions of magic {unknown}
 s - a potion of flight {unknown}


   Skills:
 - Level 2.1 Fighting
 * Level 10.7 Staves
 - Level 2.0 Bows
 - Level 1.7 Throwing
 - Level 2.4 Dodging
 + Level 2.8 Invocations


You had 7 spell levels left.
You didn't know any spells.
Your spell library contained the following spells:

 Spells                   Type           Power      Damage    Failure   Level
 Ensorcelled Hibernation  Hex/Ice        0%         N/A       100%        2
 Tukima's Dance           Hex            Unusable   N/A       N/A         3

Dungeon Overview and Level Annotations

Branches:
Dungeon (5/15)             Temple (1/1) D:5

Altars:
Cheibriados
Dithmenos
Elyvilon
Hepliaklqana
Nemelex Xobeh
Okawaru
Qazlal
Ru
Sif Muna
Trog
Uskayaw
Wu Jian
Yredelemnul
The Shining One
Beogh

Shops:
D:5 (


Innate Abilities, Weirdness & Mutations

You are immune to sickness and miasma.
Your stone body is resilient. (AC +5)
You are immune to poison.
You resist negative energy. (rN+)
You are resistant to electric shocks. (rElec)
You are resistant to unholy torment.
You are immune to petrification.


Message History

You kill the orc!
Okawaru accepts your kill. The orc hits you with a +0 flail!
You sock the orc!
The orc is almost dead.
The orc barely misses you.
You hit the orc.
You kill the orc!
The orc warrior hits you but does no damage.
Things that are here:
a +0 dagger; a +0 club; an orc skeleton
There is a stone staircase leading up here.
The orc warrior hits you but does no damage.
Okay, then.
Aiming: Paralyse
Press: ? - help, Shift-Dir - straight line, f - orc warrior
Aim: an orc warrior, wielding a +0 halberd and wearing the +1 chain mail of Anaesthesia {rElec rN+} (chance to affect: 46%)
The orc warrior resists with some effort.
The orc warrior hits you but does no damage.
Aiming: Paralyse
Press: ? - help, Shift-Dir - straight line, f/p - orc warrior
Aim: an orc warrior, wielding a +0 halberd and wearing the +1 chain mail of Anaesthesia {rElec rN+} (chance to affect: 46%)
The orc warrior resists with some effort.
The orc warrior hits you with a +0 halberd!
You hit the orc warrior.
The orc warrior is lightly wounded.
The orc warrior hits you with a +0 halberd!
You hit the orc warrior but do no damage.
The orc warrior is lightly wounded.
You hit the orc warrior but do no damage.
The orc warrior is lightly wounded.
The orc warrior hits you but does no damage.
You closely miss the orc warrior.
The orc warrior is lightly wounded.
The orc warrior hits you with a +0 halberd!
* * * LOW HITPOINT WARNING * * *
You hit the orc warrior but do no damage.
The orc warrior is lightly wounded.
The orc warrior hits you with a +0 halberd!
You die...

########## #.#
######.# #....#.#
#.##.#÷# #####.##.#.#
####
##...#.##.#.######
###8.#
#................#
..#..#
#...<...#.#.####.####
..#..#
#...@..##....###.....
..#..#
##..o#........#######
..#..# ##.######...##
#.#..# #)# ##.##
#.'..## ###.##### #.#
#.'...## #.......#
#.# ## #.'....#
#.#.###.###'## #.
#.#....#
##...###.##...## #.
..#....#
#.....##.#.....## #.


You could see an orc warrior.

Vanquished Creatures
  Grinder (D:3)
  Sigmund (D:4)
  The ghost of Irenicus the Digger, an amateur DDEE (D:4)
  Edmund (D:4)
  A necrophage (D:4)
  A black bear (D:5)
  An ogre (D:5)
  The ghost of sn0wgr3 the Covered, an amateur GrFi (D:3)
  A water moccasin zombie (D:5)
  An orc priest (D:4)
  2 hounds (D:4)
  Crazy Yiuf (D:2)
  A centaur skeleton (D:4)
  Jessica (D:3)
  Terence (D:3)
  Ijyb (D:4)
  Natasha (thrice) (D:4)
  2 hound zombies (D:5)
  2 hound skeletons
  Robin (D:2)
  4 gnolls
  A howler monkey skeleton (D:5)
  6 adders
  3 worms
  3 dart slugs
  13 orcs
  6 ball pythons
  6 endoplasms
  A giant cockroach (D:1)
  15 goblins
  14 hobgoblins
  5 kobolds
  3 quokkas
  4 bats
  4 frilled lizards
  4 rats
117 creatures vanquished.

Notes
Turn   | Place    | Note
-------+----------+-------------------------------------------
     0 | D:1      | HoaS the Gargoyle Gladiator began the quest for the Orb.
     0 | D:1      | Reached XP level 1. HP: 12/12 MP: 1/1
   327 | D:1      | Reached XP level 2. HP: 15/17 MP: 2/2
   805 | D:1      | Reached skill level 4 in Staves
   837 | D:2      | Noticed Robin
   861 | D:1      | Reached XP level 3. HP: 8/21 MP: 3/3
  1258 | D:2      | Killed Robin
  1591 | D:2      | Found a runed translucent door.
  1592 | D:2      | Noticed Crazy Yiuf
  1741 | D:2      | Reached XP level 4. HP: 26/26 MP: 4/4
  2034 | D:2      | Found a faded altar of an unknown god.
  2148 | D:2      | Killed Crazy Yiuf
  2149 | D:2      | Reached skill level 5 in Staves
  2239 | D:3      | Found a transporter.
  2244 | D:3      | Noticed sn0wgr3's ghost (amateur GrFi)
  2251 | D:3      | Found a transporter.
  2270 | D:3      | Reached XP level 5. HP: 29/30 MP: 5/5
  2314 | D:3      | Noticed Jessica
  2320 | D:3      | Killed Jessica
  2344 | D:3      | Found a sacrificial altar of Ru.
  2407 | D:3      | Noticed Terence
  2418 | D:3      | Killed Terence
  2419 | D:3      | Reached skill level 6 in Staves
  2550 | D:3      | Found a bloodstained altar of Trog.
  2617 | D:3      | Noticed Grinder
  2644 | D:3      | Paralysed by Grinder for 3 turns
  2651 | D:3      | Killed Grinder
  2652 | D:3      | Reached skill level 7 in Staves
  2652 | D:3      | Reached XP level 6. HP: 17/35 MP: 6/6
  3192 | D:4      | Found a runed translucent gate.
  3193 | D:4      | Found a runed translucent gate.
  3193 | D:4      | Found a runed translucent gate.
  3193 | D:4      | Identified the +7 hunting sling of the Aged Ziggurats
                  | {vorpal, rPois rC- rN+ Str+4}
  3193 | D:4      | Identified the +1 chain mail of Anaesthesia {rElec rN+}
  3193 | D:4      | Noticed an orc warrior
  3202 | D:4      | Reached XP level 7. HP: 40/40 MP: 7/7
  3203 | D:4      | Noticed Irenicus's ghost (amateur DDEE)
  3212 | D:4      | Noticed Sigmund
  3287 | D:4      | Killed Sigmund
  3288 | D:4      | Reached skill level 8 in Staves
  3462 | D:4      | Noticed Ijyb
  3478 | D:4      | Paralysed by Ijyb for 3 turns
  3488 | D:4      | Killed Ijyb
  3769 | D:4      | Noticed Edmund
  3786 | D:4      | Killed Edmund
  3787 | D:4      | Reached skill level 9 in Staves
  4405 | D:4      | Noticed Natasha
  4413 | D:4      | Killed Natasha
  4414 | D:4      | Reached XP level 8. HP: 44/44 MP: 8/8
  4616 | D:4      | Noticed Natasha
  4627 | D:4      | Killed Natasha
  4723 | D:3      | Killed sn0wgr3's ghost
  4809 | D:4      | Noticed Natasha
  4819 | D:4      | Killed Natasha
  5009 | D:5      | Entered Level 5 of the Dungeon
  5164 | D:5      | Found a staircase to the Ecumenical Temple.
  5181 | Temple   | Entered the Ecumenical Temple
  5266 | Temple   | Became a worshipper of Warmaster Okawaru
  5321 | D:4      | Reached skill level 10 in Staves
  5451 | D:5      | Reached skill level 1 in Invocations
  5459 | D:5      | Reached skill level 1 in Bows
  5626 | D:5      | Found a snail-covered altar of Cheibriados.
  5670 | D:5      | Found a white marble altar of Elyvilon.
  5842 | D:5      | Found Libbaoxa's Weapon Boutique.
  6492 | D:4      | Killed Irenicus's ghost
  6492 | D:4      | Reached * piety under Okawaru
  6664 | D:4      | Slain by an orc warrior

Illustrated notes

Levels and vault maps discovered:
D:1:      shiori_arrival_whats_in_store_for_you, layout_basic
D:2:      layout_basic, dreamdust_ecumenical_altar_sealed_demon,
          guppyfry_early_lair_pool, uniq_robin, uniq_crazy_yiuf_cottage
D:3:      layout_loops_ring, bloody_trog, nicolae_ru_awakened_eye,
          gammafunk_ghost_arena, uniq_terence, uniq_jessica, uniq_grinder
D:4:      layout_loops_corners, biasface_ghost_orc_armoury, uniq_ijyb,
          uniq_sigmund, uniq_edmund, uniq_natasha
D:5:      layout_layer_cave, lemuel_doored_altar, elyvilon_altar_1,
          minmay_temple_entry_statues_fountains, serial_shops,
          nicolae_lakefront_shop
Temple:   zaba_magenta_temple

Skill      XL: |  1  2  3  4  5  6  7  8 |
---------------+-------------------------+-----
Staves         | 4 5 7 9 10 | 10.7
Invocations    | 2 |  2.8
Bows           | 2 |  2.0
Fighting       | |  2.1
Throwing       | |  1.7
Dodging        | |  2.4

Action                   |  1- 3 |  4- 6 |  7- 9 || total
-------------------------+-------+-------+-------++-------
Melee: Quarterstaff      |   103 |   113 |   252 ||   468
Throw: Throwing net      |       |     4 |       ||     4
       Dart              |       |    11 |    11 ||    22
Evoke: Wand              |       |       |     2 ||     2
  Use: Scroll            |     3 |       |     4 ||     7
 Stab: Held in net/web   |       |     2 |       ||     2
       Invisible         |       |     1 |       ||     1
Armor: Leather armour    |    57 |     9 |       ||    66
       Ring mail         |       |    13 |       ||    13
       Scale mail        |       |    25 |    28 ||    53
       Chain mail        |       |       |   114 ||   114
Dodge: Dodged            |    96 |    57 |    93 ||   246

Table legend: (Time is in decaauts)
 A = Elapsed time spent in this place.
 B = Non-inter-level travel time spent in this place.
 C = Inter-level travel time spent in this place.
 D = Time resting spent in this place.
 E = Time spent auto-exploring this place.
 F = Levels seen in this place.
 G = Mean time per level.
                   A        B        C        D        E       F      G
               +--------+--------+--------+--------+--------+-----+--------+
         Total |   6646 |   6408 |    238 |   1994 |   3161 |   6 | 1107.7 |
       Dungeon |   6548 |   6351 |    197 |   1994 |   3111 |   5 | 1309.6 |
        Temple |     98 |     57 |     41 |      0 |     50 |   1 |   98.0 |
               +--------+--------+--------+--------+--------+-----+--------+

Top non-repeatable levels by time:
     D:4: 2213 daAuts
     D:1: 1252 daAuts
     D:5: 1066 daAuts
     D:3: 1066 daAuts
     D:2: 948 daAuts
  Temple: 98 daAuts
